 Dungeon Crawl Stone Soup version 0.30-b1-2-g02819fbbbe (webtiles) character file.

Game seed: 336084157060353776

9 Alarkh the Trooper (level 2, 24/24 HPs)
             Began as a Demonspawn Chaos Knight on May 20, 2023.
             Was a Plaything of Xom.
             Got out of the dungeon alive.
             The game lasted 00:00:22 (412 turns).

Alarkh the Trooper (Demonspawn Chaos Knight)         Turns: 412, Time: 00:00:22

Health: 24/24      AC:  5    Str: 12    XL:     2   Next: 3%
Magic:  2/2        EV: 11    Int: 13    God:    Xom [..*...]
Gold:   22         SH:  0    Dex: 12    Spells: 1/1 levels left

rFire   . .          .
                       - Unarmed
rCold   . . .        (no shield)
rNeg    . . .        a - +2 leather armour
rPois   .            (no helmet)
rElec   .            (no cloak)
rCorr   .            (no gloves)
SInv    .            (no boots)
Will    .....        (no amulet)
Stlth   +            (no ring)
HPRegen 0.24/turn    (no ring)
MPRegen 0.16/turn

%: no passive effects
@: no status effects
A: magic regeneration
a: Renounce Religion


You escaped.
You worshipped Xom.
You were a toy of Xom.
You visited 1 branch of the dungeon, and saw 1 of its levels.

You collected 22 gold pieces.

Inventory:

Armour
 a - a +2 leather armour (worn)
Jewellery
 g - a ring of see invisible
Scrolls
 c - a scroll of amnesia {unknown}
 d - a scroll of enchant armour {unknown}
 e - a scroll of identify {unknown}
 f - a scroll of noise {unknown}
Miscellaneous
 b - a piece from Xom's chessboard (15/15) (quivered)


   Skills:
 + Level 3.2 Fighting
 - Level 1.7 Armour
 - Level 0.8 Dodging
 * Level 3.1 Unarmed Combat


You had one spell level left.
You didn't know any spells.
Your spell library was empty.

Dungeon Overview and Level Annotations

Branches:
Dungeon (1/15)

Altars:


Innate Abilities, Weirdness & Mutations

You regenerate magic rapidly.


Message History

No target in view!
No target in view!
No target in view!
No target in view!
No target in view!
You see here a rat corpse.
Xom almost notices you.
Nothing appears to happen...
Ominous!
g - a ring of see invisible A goblin comes into view.
It is wielding a +4 dagger.
The goblin shouts!
A goblin is nearby!
A goblin is nearby!
Found a scroll labelled ACSOOF RILOT.
The goblin hits you with a +4 dagger.
You hit the goblin.
The goblin is heavily wounded.
You closely miss the goblin.
The goblin is heavily wounded.
The goblin hits you with a +4 dagger.
A shower of butterflies erupts from you!
You closely miss the goblin.
The goblin is heavily wounded.
The goblin closely misses you.
You hit the goblin.
You kill the goblin!
You have reached level 2!
Your demonic ancestry asserts itself...
Your magic begins to regenerate rapidly. "See what I see, my child!"
You detect creatures!
Unknown command.
You swap places.
You swap places.
Found 3 gold pieces.
Your butterfly disappears in a puff of smoke!
Your butterfly disappears in a puff of smoke!
Your butterfly disappears in a puff of smoke!
There is a staircase leading out of the dungeon here.
Are you sure you want to leave the Dungeon?
This will make you lose the game!
You have escaped!

#.##..##≈≈≈.≈≈≈≈≈≈...........
#.##..#≈≈≈≈≈.≈≈≈≈≈≈##########
#.##..≈≈≈≈≈≈.≈≈≈≈≈≈≈.........
#.##.≈≈≈8≈≈.≈≈≈≈≈8≈≈≈########
#.##.≈≈≈≈≈.≈≈≈≈≈≈≈≈≈≈### #...
#####.##.≈≈≈≈≈.≈≈≈~~~≈≈≈≈..# #.##
......##.≈≈≈≈≈.≈≈~≈≈≈~≈≈~#.###.##
.........≈≈≈≈≈≈..>≈≈≈≈~~≈........
.######..≈~~≈≈≈≈@..≈≈≈≈≈≈#####..#
.# ##.~≈≈~≈≈≈~≈≈.≈≈≈≈≈......#. .#
#.≈≈≈≈~~~≈≈≈.≈≈≈≈≈####.### †#
##≈≈≈≈≈≈≈≈≈≈.≈≈≈≈≈# #.## # .#
#≈≈≈8≈≈≈≈≈.≈≈8≈≈≈####.### .#
##≈≈≈≈≈≈≈.≈≈≈≈≈≈.......#. .#
######≈≈≈≈≈≈.≈≈≈≈≈.#####.#.# .#
#.....#≈≈≈≈≈≈.≈≈≈#.#####.#.#
.#####.....###.##...#.........#.#


There were no monsters in sight!

Vanquished Creatures
  2 endoplasms (D:1)
  A ball python (D:1)
  A bat (D:1)
  4 goblins (D:1)
  A rat (D:1)
9 creatures vanquished.

Notes
Turn   | Place    | Note
-------+----------+-------------------------------------------
     0 | D:1      | Alarkh the Demonspawn Chaos Knight began the quest for the
                  | Orb.
     0 | D:1      | Reached XP level 1. HP: 18/18 MP: 1/1
    87 | D:1      | XOM: smoke on damage
   125 | D:1      | Found a faded altar of an unknown god.
   335 | D:1      | XOM: silly message
   366 | D:1      | XOM: butterfly on damage
   369 | D:1      | Gained mutation: You regenerate magic rapidly. [demonic
                  | ancestry]
   369 | D:1      | Reached XP level 2. HP: 14/24 MP: 2/2
   370 | D:1      | XOM: divination: detect creatures
   412 | D:$      | Got out of the dungeon alive.

Illustrated notes

Levels and vault maps discovered:
D:1:      nzn_arrival_water_spiral, layout_loops_ring,
          ebering_ecumenical_altar_mist, kennysheep_boxes

Skill      XL: |  1 |
---------------+----+-----
Unarmed Combat | 3 |  3.1
Fighting       | |  3.2
Armour         | |  1.7
Dodging        | |  0.8

Action                     || total
---------------------------++-------
  Melee: Unarmed           ||    22
 Armour: Leather armour    ||     4
  Dodge: Dodged            ||     7
